 Dungeon Crawl Stone Soup version 0.16-b1 (webtiles) character file.

8791 RobertPalmer the Nimble (level 11, -5/61 HPs)
             Began as an Octopode Venom Mage on Mar 14, 2015.
             Was a Priest of Kikubaaqudgha.
             Slain by an ice beast (6 damage)
             ... summoned by Fannar
             ... on level 11 of the Dungeon.
             The game lasted 00:56:35 (15125 turns).

RobertPalmer the Nimble (Octopode Venom Mage)      Turns: 15125, Time: 00:56:36

Health: -5/61      AC:  1    Str: 11    XL:     11   Next: 36%
Magic:  17/17      EV: 20    Int: 20    God:    Kikubaaqudgha [***...]
Gold:   734        SH:  0    Dex: 18    Spells: 4 memorised, 2 levels left

rFire  + + .     SeeInvis .     a - +3 trident of Phuboehi {elec, rElec rF+ Dex+4}
rCold  + . .     Clarity  .     o - +1 buckler
rNeg   . . .     SustAb   .     (helmet restricted)
rPois  +         Gourm    .     (no amulet)
rElec  +         Spirit   .     m - +4 ring of strength
rCorr  +         Warding  .     (no ring)
rMut   .         Stasis   .     (no ring)
MR     +....                    y - ring of protection from magic {MR+, !d}
Stlth  ++........               (no ring)
                                (no ring)
                                (no ring)
                                (no ring)

@: confused, resistant, somewhat resistant to hostile enchantments, unstealthy
A: almost no armour, amphibious, 8 rings, constrict 8, camouflage 1, gelatinous
body 1
a: Receive Corpses, Renounce Religion


You were on level 11 of the Dungeon.
You worshipped Kikubaaqudgha.
Kikubaaqudgha was most pleased with you.
You were not hungry.

You visited 2 branches of the dungeon, and saw 13 of its levels.

You collected 734 gold pieces.

Inventory:

Hand weapons
 a - the +3 trident of Phuboehi (weapon) {elec, rElec rF+ Dex+4}
   (You found it on level 4 of the Dungeon)

   Occasionally, upon striking a foe, it will discharge some electrical energy
   and cause terrible harm.
   It affects your dexterity (+4).
   It protects you from fire.
   It insulates you from electricity.
 b - a +0 blowgun
   (You took it off a kobold on level 4 of the Dungeon)
Missiles
 j - 5 curare-tipped needles
 r - 44 poisoned needles
 O - a throwing net {=f, !d}
Armour
 o - a +1 buckler (worn)
   (You found it on level 3 of the Dungeon)
Magical staves
 A - an uncursed staff of cold {unknown}
   (You found it on level 5 of the Dungeon)
 I - an uncursed staff of air {unknown}
   (You found it on level 10 of the Dungeon)
Jewellery
 m - a +4 ring of strength (left tentacle)
   (You found it on level 3 of the Dungeon)
 y - a ring of protection from magic (on tentacle) {MR+, !d}
   (You found it on level 8 of the Dungeon)
 P - an uncursed ring of fire {unknown}
   (You found it on level 11 of the Dungeon)
Magical devices
 d - a wand of fire (9)
   (You found it on level 11 of the Dungeon)
 k - a wand of frost (26)
   (You took it off Eustachio on level 7 of the Dungeon)
 q - a wand of digging (10)
   (You found it on level 3 of the Dungeon)
 u - a wand of draining (0)
   (You found it on level 8 of the Dungeon)
 F - a wand of disintegration (7)
   (You took it off Joseph on level 10 of the Dungeon)
 J - a wand of slowing (35)
   (You found it on level 10 of the Dungeon)
 N - a wand of confusion (20)
   (You found it on level 1 of the Lair of Beasts)
Scrolls
 e - a scroll of recharging {unknown}
 f - a scroll of acquirement {unknown}
 i - a scroll of enchant armour
 n - 5 scrolls of identify
 x - 2 scrolls of magic mapping {!r}
 C - a scroll of amnesia
 D - a scroll of remove curse
 K - a scroll of summoning {unknown}
Potions
 g - a potion of agility
 l - 2 potions of heal wounds {unknown}
 s - 4 potions of poison {!q}
 t - 4 potions of haste
 H - 2 potions of lignification {unknown}
 L - 2 potions of magic {unknown}
 M - a potion of degeneration {unknown}
Books
 h - Kikubaaqudgha's Papyrus of Evil Rituals
   (Kikubaaqudgha gifted it to you on level 6 of the Dungeon)

   Spells                             Type                      Level
   a - Animate Dead                   Necromancy                   4
   b - Bolt of Draining               Conjuration/Necromancy       5
   c - Agony                          Necromancy                   5
   d - Cigotuvi's Embrace             Necromancy                   5
   e - Dispel Undead                  Necromancy                   5
 v - Kikubaaqudgha's Reference Book on Black Rituals
   (Kikubaaqudgha gifted it to you on level 4 of the Dungeon)

   Spells                             Type                      Level
   a - Pain                           Necromancy                   1
   b - Corpse Rot                     Necromancy                   2
   c - Sublimation of Blood           Necromancy                   2
   d - Regeneration                   Charms/Necromancy            3
   e - Control Undead                 Necromancy                   4
 z - a Young Poisoner's Handbook
 B - a book of Beasts
   (You found it on level 9 of the Dungeon)
Miscellaneous
 Q - a phial of floods (inert)
   (You found it on level 11 of the Dungeon)
Comestibles
 c - 6 bread rations
 p - 7 meat rations


   Skills:
 - Level 10.9 Dodging
 - Level 2.6 Stealth
 - Level 3.0 Shields
 - Level 2.0 Spellcasting
 - Level 6.7 Conjurations
 + Level 10.0 Necromancy
 - Level 8.2 Poison Magic


You had 2 spell levels left.
You knew the following spells:

 Your Spells              Type           Power        Failure   Level  Hunger
c - Mephitic Cloud        Conj/Pois/Air  ###.....     10%         3    ###....
r - Regeneration          Chrm/Necr      ###.......   8%          3    ###....
A - Animate Dead          Necr           N/A          2%          4    #####..
Z - Cure Poison           Pois           ####......   1%          2    ##.....


Dungeon Overview and Level Annotations

Branches:
Dungeon (11/15)            Temple (0/1) D:7            Lair (2/8) D:10
    Orc (0/4) D:9

Altars:
Elyvilon
Fedhas
Gozag
Kikubaaqudgha
Okawaru
Qazlal
Sif Muna
Xom
Yredelemnul
Zin
The Shining One

Shops:
D:2 *

Annotations:
D:5 BLOAX's ghost, average MiTm
D:11 Fannar
Lair:1 exclusion: hydra, Erica
Lair:2 exclusion: hydra


Innate Abilities, Weirdness & Mutations

You cannot wear most types of armour.
You are amphibious.
You can wear up to eight rings at the same time.
You can use your tentacles to constrict many enemies at once.
Your skin changes colour to match your surroundings (Stealth).
Your rubbery body absorbs attacks (AC +1).


Message History

The bolt of cold misses you.
The bolt of cold hits your kobold zombie.
Your kobold zombie resists.
Your yak zombie gores Fannar but does no damage.
You hit Fannar. Your grab misses Fannar.
Fannar is lightly wounded.
Fannar barely misses you.
Fannar blocks your kobold zombie's attack.
Your kobold zombie closely misses Fannar.
Your yak zombie gores Fannar.
Fannar blocks your kobold zombie's attack.
Fannar hits you with a quarterstaff of freezing.
You hit Fannar but do no damage. You grab Fannar.
You squeeze Fannar, but do no damage.
Fannar is lightly wounded.
You constrict Fannar, but do no damage.
Your kobold zombie hits Fannar but does no damage.
Your yak zombie gores Fannar.
Fannar hits you with a quarterstaff of freezing.
Fannar blocks your kobold zombie's attack.
Your kobold zombie hits Fannar but does no damage.
Fannar blocks your attack.
Fannar is lightly wounded.
You constrict Fannar.
Your yak zombie gores Fannar.
Fannar completely misses you.
Your kobold zombie hits Fannar.
Fannar blocks your kobold zombie's attack.
A wraith comes into view.
Read which item? (? for menu, Esc to quit)
Okay, then.
You swap places.
You release your grip on Fannar.
The troll bites you! The troll claws you. The troll misses you.
Fannar blocks your yak zombie's attack.
Fannar drinks a potion.
Fannar seems to speed up.
Your kobold zombie hits Fannar.
Fannar hits you with a quarterstaff of freezing.
Fannar freezes you.
Your kobold zombie misses Fannar.
Your yak zombie gores Fannar.
The wraith hits your kobold zombie.
Your kobold zombie is destroyed!
Your kobold zombie hits the troll.
Fannar hits you with a quarterstaff of freezing.
Your kobold zombie hits Fannar.
Fannar misses you.
Fannar hits you with a quarterstaff of freezing!
* * * LOW HITPOINT WARNING * * *
Fannar freezes you.
* * * LOW HITPOINT WARNING * * *
Drink which item? (? for menu, Esc to quit)
Okay, then.
Read which item? (? for menu, Esc to quit)
Okay, then.
Evoke which item? (* to show all) (? for menu, Esc to quit)
Aim the phial where?
Press: ? - help, Shift-Dir - straight line, f - Fannar
Aim: Fannar, wielding a quarterstaff of freezing, wearing a robe of cold resistance and wearing a ring of ice (moderately wounded, fast, covered in an icy film, protected by a disc of dense vapour) Fannar blocks the flood of elemental water.
The wave splashes down.
Floosh!
The water rises up and takes form.
You hear a shout! x4
Fannar hits you but does no damage. You block the troll's attack.
The troll misses you. The troll completely misses you.
The wraith barely misses your kobold zombie.
Unknown command.
Something hits your yak zombie.
Your yak zombie barely misses something.
A kobold comes into view. It is wielding a club.
Your water elemental hits the troll.
Your water elemental engulfs the troll in water!
The troll pulls free of the water.
You see here 3 fruits.
Fannar says, "Freeze!"
Fannar hits you with a quarterstaff of freezing.
* * * LOW HITPOINT WARNING * * *
Fannar freezes you.
* * * LOW HITPOINT WARNING * * *
Drink which item? (? for menu, Esc to quit)
You feel better.
Fannar hits you with a quarterstaff of freezing.
* * * LOW HITPOINT WARNING * * *
Drink which item? (? for menu, Esc to quit)
Really quaff
E - a potion of ambrosia {!q}?
You are confused.
You feel invigorated. Fannar barely misses you.
You hit Fannar. You squeeze Fannar, but do no damage.
Fannar is moderately wounded.
Fannar casts a spell.
Fannar blocks your water elemental's attack.
Fannar hits you with a quarterstaff of freezing!
* * * LOW HITPOINT WARNING * * *
You closely miss the ice beast.
Fannar hits you with a quarterstaff of freezing!
* * * LOW HITPOINT WARNING * * *
Fannar freezes you.
* * * LOW HITPOINT WARNING * * *
Fannar blocks your water elemental's attack.
The ice beast hits you.
* * * LOW HITPOINT WARNING * * *
The ice beast freezes you. You resist.
You die...
Kikubaaqudgha rasps: "You have failed me!
Welcome... death!"

#... #).o##.<...
#..###.......#
#..#......###
#.?...#..##
##..W##..##
#.ZZ##...# #≈≈## ...#
#≈Z# #..###....
##.K##≈≈## #@Y.......
#......<.###e#######.
#......##.E.ET#
.###.# #.###..# #.
### ##.# #. #.# ##


You could see Fannar, a troll, an orc warrior, an ice beast and a friendly water
elemental.

Vanquished Creatures
  A hill giant (D:11)
  Joseph (D:10)
  A troll (D:10)
  A komodo dragon (Lair:1)
  A blink frog (Lair:1)
  A trapdoor spider zombie (D:10)
  4 yaks
  2 wyverns (D:10)
  A deep elf mage (D:10)
  Eustachio (D:7)
  6 hungry ghosts
  2 hippogriffs
  4 water moccasins
  2 porcupines (Lair:1)
  2 ice beasts (D:9)
  A black bear (D:6)
  A centaur (D:10)
  2 orc warriors
  4 ogres
  A crocodile (Lair:1)
  4 giant frogs
  A gnoll sergeant (D:10)
  A big kobold (D:11)
  A yak zombie (D:9)
  5 scorpions
  An electric eel (D:6)
  2 troll zombies (D:9)
  2 wights (D:8)
  A jelly (D:7)
  5 killer bees
  2 crimson imps
  3 goliath beetles
  5 orc priests
  2 giant frog skeletons
  A giant frog zombie (D:5)
  4 hounds
  6 iguanas
  Natasha (thrice) (D:4)
  7 orc wizards
  3 worker ants
  A sky beast zombie (D:9)
  6 ogre zombies (D:9)
  Jessica (D:2)
  A mummy (D:10)
  2 hound skeletons
  A worker ant zombie (D:9)
  Robin (D:4)
  14 adders
  3 gnolls (D:4)
  2 shadow imps
  8 river rats (Lair:2)
  3 worms
  An adder zombie (D:5)
  5 giant geckos
  2 oozes
  22 orcs
  A bat skeleton (D:4)
  8 giant cockroaches
  16 hobgoblins
  15 jackals
  9 quokkas
  3 ball pythons
  16 bats
  7 giant newts
  28 goblins
  A goblin zombie (D:9)
  3 hobgoblin skeletons (D:9)
  3 hobgoblin zombies (D:9)
  2 jackal skeletons
  21 kobolds
  3 orc skeletons (D:9)
  14 orc zombies
  A quokka skeleton (D:9)
  A quokka zombie (D:6)
  23 rats
  5 fungi (D:10)
  A plant (D:10)
352 creatures vanquished.

Vanquished Creatures (collateral kills)
  An ugly thing (D:9)
  A komodo dragon (Lair:1)
  2 blink frogs (Lair:1)
  2 yaks (D:11)
  A hungry ghost (D:8)
  A water moccasin (Lair:1)
  A porcupine (Lair:1)
  A sky beast (D:10)
  A phantom (D:9)
  A killer bee (D:9)
  A yak zombie (Lair:1)
  2 wights (D:8)
  A crimson imp (D:9)
  An iguana (D:9)
  3 gnolls (D:10)
  2 giant mites (Lair:2)
  A shadow imp (D:8)
  An orc (D:8)
  4 bats (D:10)
  6 kobolds
  An orc skeleton (D:9)
  An orc zombie (D:9)
  A fungus (D:10)
  2 plants (D:10)
39 creatures vanquished.

Vanquished Creatures (others)
  A hill giant zombie (D:9)
  2 blink frog zombies (Lair:1)
  A komodo dragon zombie (Lair:1)
  2 wyvern zombies
  3 water moccasin zombies
  A troll zombie (D:11)
  A yak zombie (Lair:2)
  A wolf zombie (Lair:2)
  A yak skeleton (Lair:1)
  3 giant frog zombies
  A killer bee zombie (D:9)
  A porcupine skeleton (Lair:1)
  2 porcupine zombies (Lair:1)
  A crocodile zombie (Lair:1)
  A sky beast zombie (D:9)
  A worker ant zombie (D:10)
  A worm zombie (D:11)
  6 orc zombies
  3 bat zombies
  A giant mite zombie (Lair:2)
  2 gnoll zombies (D:10)
  A goblin (D:3)
  A quokka (D:6)
  A ball python zombie (D:9)
  A giant cockroach zombie (D:10)
  2 giant gecko zombies (D:9)
  2 hobgoblin zombies
  2 jackal zombies
  7 kobold zombies
  A quokka zombie (D:8)
  5 river rat zombies (Lair:2)
  A fungus (D:10)
  3 plants (Lair:2)
63 creatures vanquished.

Grand Total: 454 creatures vanquished

Notes
Turn   | Place    | Note
--------------------------------------------------------------
     0 | D:1      | RobertPalmer, the Octopode Venom Mage, began the quest for the Orb.
     0 | D:1      | Reached XP level 1. HP: 11/11 MP: 3/3
   116 | D:1      | Reached skill level 1 in Conjurations
   144 | D:1      | Reached XP level 2. HP: 17/17 MP: 4/4
   311 | D:1      | Reached skill level 2 in Conjurations
   761 | D:2      | Reached XP level 3. HP: 19/21 MP: 6/6
   783 | D:2      | Learned a level 3 spell: Mephitic Cloud
   814 | D:2      | HP: 2/21 [poisoned by an adder]
   821 | D:2      | Learned a level 2 spell: Cure Poison
  1080 | D:2      | Reached skill level 3 in Conjurations
  1286 | D:2      | Noticed Jessica
  1305 | D:2      | HP: 5/21 [adder (4)]
  1309 | D:2      | HP: 2/21 [adder (2)]
  1597 | D:2      | Reached XP level 4. HP: 23/27 MP: 2/7
  1627 | D:2      | Found an opulent altar of Gozag.
  1628 | D:2      | Found Gozag's Platinum Reserve.
  1715 | D:2      | Killed Jessica
  1760 | D:2      | Reached skill level 4 in Conjurations
  2608 | D:3      | Reached XP level 5. HP: 31/31 MP: 7/9
  2694 | D:3      | Found a blossoming altar of Fedhas.
  2695 | D:3      | Found an ancient bone altar of Kikubaaqudgha.
  2706 | D:3      | Became a worshipper of Kikubaaqudgha
  2967 | D:3      | Reached skill level 5 in Conjurations
  3350 | D:3      | Found a stormy altar of Qazlal.
  3502 | D:4      | Noticed Robin
  3667 | D:4      | Noticed Natasha
  3677 | D:4      | Killed Natasha
  3677 | D:4      | Reached XP level 6. HP: 19/36 MP: 1/10
  3982 | D:4      | Reached skill level 6 in Conjurations
  4040 | D:4      | Killed Robin
  4042 | D:4      | Acquired Kikubaaqudgha's first power
  4042 | D:4      | Received a gift from Kikubaaqudgha
  4043 | D:4      | Identified Kikubaaqudgha's Reference Book on Black Rituals (Kikubaaqudgha gifted it to you on level 4 of the Dungeon)
  4177 | D:4      | Noticed Natasha
  4181 | D:4      | Killed Natasha
  4381 | D:4      | Found a glowing golden altar of the Shining One.
  4626 | D:4      | Noticed Natasha
  4741 | D:4      | Killed Natasha
  4895 | D:4      | Got a dazzling trident
  4897 | D:4      | Identified the +3 trident of Phuboehi {elec, rElec rF+ Dex+4} (You found it on level 4 of the Dungeon)
  4914 | D:4      | Learned a level 3 spell: Regeneration
  5026 | D:5      | Entered Level 5 of the Dungeon
  5166 | D:5      | Noticed an angel
  5166 | D:5      | Found a shimmering altar of Xom.
  5166 | D:5      | Found a glowing silver altar of Zin.
  5177 | D:5      | Reached skill level 1 in Necromancy
  5177 | D:5      | Reached XP level 7. HP: 31/41 MP: 12/12
  5252 | D:5      | Found a deep blue altar of Sif Muna.
  5282 | D:5      | Reached skill level 2 in Necromancy
  5316 | D:5      | Acquired Kikubaaqudgha's second power
  5597 | D:5      | Noticed BLOAX's ghost (average MiTm)
  5940 | D:5      | Reached skill level 3 in Necromancy
  6018 | D:5      | Reached skill level 4 in Necromancy
  6322 | D:6      | HP: 4/41 [ogre/giant club (34)]
  6771 | D:6      | HP: 7/41 [orc/flail (5)]
  6774 | D:6      | HP: 3/41 [poison (a potion of poison)]
  6944 | D:6      | Reached skill level 1 in Shields
  6963 | D:6      | Reached skill level 2 in Shields
  6963 | D:6      | Reached XP level 8. HP: 35/46 MP: 13/13
  7060 | D:6      | Reached skill level 3 in Shields
  7113 | D:6      | Reached skill level 5 in Necromancy
  7262 | D:6      | Received a gift from Kikubaaqudgha
  7291 | D:6      | Identified Kikubaaqudgha's Papyrus of Evil Rituals (Kikubaaqudgha gifted it to you on level 6 of the Dungeon)
  7373 | D:6      | Found a white marble altar of Elyvilon.
  7387 | D:6      | Reached skill level 6 in Necromancy
  7847 | D:6      | Reached skill level 7 in Necromancy
  8075 | D:7      | Reached skill level 8 in Necromancy
  8075 | D:7      | Reached XP level 9. HP: 51/51 MP: 14/14
  8632 | D:7      | Noticed Eustachio
  8645 | D:7      | Killed Eustachio
  8818 | D:7      | Found a staircase to the Ecumenical Temple.
  9050 | D:8      | Reached skill level 9 in Necromancy
  9134 | D:7      | Learned a level 4 spell: Animate Dead
  9343 | D:8      | Acquired Kikubaaqudgha's third power
  9633 | D:8      | Reached skill level 3 in Dodging
  9823 | D:8      | Reached skill level 4 in Dodging
  9971 | D:8      | Reached skill level 5 in Dodging
 10295 | D:9      | Reached skill level 6 in Dodging
 10575 | D:9      | Reached skill level 7 in Dodging
 10614 | D:9      | Found a staircase to the Orcish Mines.
 10619 | D:9      | Reached XP level 10. HP: 56/56 MP: 16/16
 10674 | D:9      | Reached skill level 8 in Dodging
 10794 | D:9      | Found a basalt altar of Yredelemnul.
 10860 | D:9      | Noticed a brown ugly thing
 10903 | D:9      | HP: 11/56 [troll zombie (4)]
 10903 | D:9      | HP: 3/56 [troll zombie (8)]
 11223 | D:9      | Found an iron altar of Okawaru.
 11275 | D:9      | Killed a brown ugly thing
 11275 | D:9      | Reached skill level 9 in Dodging
 11318 | D:10     | Entered Level 10 of the Dungeon
 11548 | D:10     | Found a staircase to the Lair.
 11936 | D:10     | Reached skill level 5 in Poison Magic
 12013 | D:10     | Noticed a sea snake
 12170 | D:10     | Noticed Joseph
 12187 | D:10     | Killed Joseph
 12187 | D:10     | Reached skill level 10 in Dodging
 12187 | D:10     | Reached skill level 6 in Poison Magic
 12297 | Lair:1   | Entered Level 1 of the Lair of Beasts
 12329 | Lair:1   | Noticed Erica
 12338 | Lair:1   | Noticed a four-headed hydra
 12500 | Lair:1   | Reached skill level 7 in Poison Magic
 12851 | Lair:1   | Reached XP level 11. HP: 29/61 MP: 17/17
 13255 | Lair:1   | Reached skill level 8 in Poison Magic
 14074 | Lair:2   | Noticed a five-headed hydra
 14556 | D:11     | Noticed a manticore
 14575 | D:11     | Noticed a hill giant
 14622 | D:11     | Killed a hill giant
 15092 | D:11     | Reached skill level 10 in Necromancy
 15101 | D:11     | Noticed Fannar
 15114 | D:11     | HP: 13/61 [Fannar/quarterstaff of freezing (9)]
 15121 | D:11     | HP: 9/61 [Fannar/quarterstaff of freezing (3)]
 15125 | D:11     | HP: 3/61 [Fannar/quarterstaff of freezing (2)]
 15125 | D:11     | HP: 1/61 [ice beast[Fannar] (2)]
 15125 | D:11     | Slain by an ice beast

Action                   |  1- 3 |  4- 6 |  7- 9 | 10-12 || total
-------------------------+-------+-------+-------+-------++-------
Melee: Short sword       |    32 |   100 |       |       ||   132
       Trident           |       |    14 |   264 |   319 ||   597
 Fire: Blowgun           |       |     6 |    50 |    28 ||    84
Throw: Stone             |       |    31 |     1 |       ||    32
 Cast: Sting             |    30 |    99 |    28 |       ||   157
       Cure Poison       |     2 |       |       |     1 ||     3
       Mephitic Cloud    |       |     5 |     8 |     6 ||    19
       Regeneration      |       |       |     7 |     5 ||    12
       Animate Dead      |       |       |     8 |    27 ||    35
Invok: Receive Corpses   |       |       |     3 |    15 ||    18
Evoke: Wand              |       |       |       |     5 ||     5
       Phial of floods   |       |       |       |     1 ||     1
  Use: Scroll            |     2 |     2 |    13 |     2 ||    19
       Potion            |     1 |     1 |     9 |     6 ||    17
 Stab: Sleeping          |     1 |     3 |    19 |    19 ||    42
       Distracted        |       |     1 |     3 |     6 ||    10
       Confused          |       |       |     2 |     1 ||     3
       Betrayed ally     |       |       |       |     1 ||     1
  Eat: Chunk             |     2 |    13 |    20 |     8 ||    43
       Pizza             |       |       |     2 |       ||     2
       Beef jerky        |       |       |       |     2 ||     2
       Meat ration       |       |       |       |     1 ||     1
       Royal jelly       |       |       |       |     1 ||     1
       Bread ration      |       |       |       |     3 ||     3

Vault maps used:
D:1:      sevenhm_arrival_forest_fort_large_2
D:2:      nicolae_gozag_zags_fifth_avenue, eino_tiny_chamber, uniq_jessica
D:3:      grunt_temple_overflow_growth_and_decay, first_bread,
          minmay_bad_closet, nicolae_qazlal_eye_of_the_storm
D:4:      nicolae_tso_swordbearing_angel, uniq_natasha, uniq_robin
D:5:      grunt_temple_overflow_order_and_chaos_1, kennysheep_mini,
          nicolae_overflow_hidden_temple, minivault_5, minmay_misc_feat_rows
D:6:      elyvilon_altar_4, portal_sewer_entry_b, serial_bayou_pond_c,
          minmay_misc_feat_hallway, serial_bayou_pond_d
D:7:      minmay_temple_entry_poolview, uniq_eustachio
D:9:      kennysheep_mini_moat, lemuel_doored_altar, zombieorc2_lemuel
D:10:     due_lair_maze_entry_diamond, serial_aquarium,
          aquarium_bridge_long_separate, aquarium_bridge_square,
          aquarium_window_corner, aquarium_window_fake, aquarium_view_2e,
          aquarium_view_2e, aquarium_balcony_3b, uniq_joseph
D:11:     uniq_nessos, uniq_fannar
Lair:1:   lemuel_fruit_tree, grunt_megastairs_1, uniq_erica
Lair:2:   minmay_lair_venomous_thicket, nicolae_quartered_pool_super,
          grunt_megastairs_2, uniq_gastronok

Table legend:
 A = Turns spent in this place as a percentage of turns spent in the entire game.
 B = Non-inter-level travel turns spent in this place as a percentage of non-inter-level travel turns spent in the entire game.
 C = Inter-level travel turns spent in this place as a percentage of turns spent in this place.
 D = Turns resting spent in this place as a percentage of non-inter-level travel turns spent in this place.
 E = Turns spent auto-exploring this place as a percentage of non-inter-level travel turns spent in this place.
 F = Non-inter-level travel turns spent in this place divided by the number of levels of this place that you've seen.
                   A       B       C       D       E      F
               +-------+-------+-------+-------+-------+----------------------
         Total | 100.0 | 100.0 |   0.4 |   2.0 |   5.3 | 471.8
       Dungeon |  82.4 |  82.4 |   0.5 |   2.1 |   6.1 | 459.3
          Lair |  17.6 |  17.6 |   0.1 |   1.3 |   1.8 | 541.0
               +-------+-------+-------+-------+-------+----------------------

Table legend:
 A = Kills in this place as a percentage of kills in entire the game.
 B = Kills by you in this place as a percentage of kills by you in the entire game.
 C = Kills by friends in this place as a percentage of kills by friends in the entire game.
 D = Other kills in this place as a percentage of other kills in the entire game.
 E = Experience gained in this place as a percentage of experience gained in the entire game.
 F = Experience gained in this place divided by the number of levels of this place that you have seen.
                   A       B       C       D       E      F
               +-------+-------+-------+-------+-------+----------------------
         Total | 100.0 | 100.0 | 100.0 | 100.0 | 100.0 | 966.1
       Dungeon |  90.7 |  92.1 |  80.0 |   0.0 |  75.0 | 856.7
          Lair |   9.3 |   7.9 |  20.0 | 100.0 |  25.0 | 1567.5
               +-------+-------+-------+-------+-------+----------------------
